 Dungeon Crawl Stone Soup version 0.20-a0-945-g3bf614a (webtiles) character file.

56 polly the Slasher (level 3, 0/29 HPs)
             Began as a Demigod Gladiator on Apr 2, 2017.
             Killed by nerve-wracking pain
             ... invoked by Jessica
              (11 damage)
             ... on level 2 of the Dungeon.
             The game lasted 00:01:42 (1310 turns).

polly the Slasher (Demigod Gladiator)               Turns: 1310, Time: 00:01:43

Health: 0/29       AC: 10    Str: 17    XL:     3   Next: 48%
Magic:  5/5        EV: 11    Int: 14    God:
Gold:   38         SH:  0    Dex: 17    Spells: 2/2 levels left

rFire    . . .     SeeInvis .   a - +0 long sword
rCold    . . .     Gourm    .   (no shield)
rNeg     . . .     Faith    .   q - +0 chain mail
rPois    .         Spirit   .   c - +0 helmet
rElec    .         Reflect  .   (no cloak)
rCorr    .         Harm     .   (no gloves)
MR       .....                  p - +0 pair of boots
Stlth    ..........             (no amulet)
Regen    0.1/turn               g - ring of loudness (curse)
MPRegen  0.1/turn               k - +3 ring of evasion

@: no status effects
A: high mp 1
a: no special abilities


You were on level 2 of the Dungeon.
You were hungry.

You visited 1 branch of the dungeon, and saw 2 of its levels.

You collected 38 gold pieces.

Inventory:

Hand Weapons
 a - a +0 long sword (weapon)
Missiles
 d - 4 throwing nets (quivered)
Armour
 c - a +0 helmet (worn)
 p - a +0 pair of boots (worn)
 q - a +0 chain mail (worn)
Jewellery
 g - a cursed ring of loudness (left hand)
 k - a +3 ring of evasion (right hand)
Scrolls
 i - 4 scrolls of magic mapping
 j - a scroll of identify
 r - a scroll of teleportation {unknown}
Potions
 e - a potion of curing {unknown}
 h - a potion of lignification {unknown}
 l - a potion of degeneration {unknown}
 m - a potion of agility {unknown}
 o - a potion of resistance {unknown}
Comestibles
 b - a royal jelly
 f - 3 bread rations
 n - a meat ration


   Skills:
 + Level 2.0 Fighting
 + Level 3.4 Long Blades
 + Level 1.9 Throwing
 + Level 0.6 Armour
 + Level 3.1 Dodging
 + Level 0.2 Stealth


You had 2 spell levels left.
You didn't know any spells.

Dungeon Overview and Level Annotations

Branches:
Dungeon (2/15)

Annotations:
D:2 Jessica


Innate Abilities, Weirdness & Mutations

You have an increased reservoir of magic. (+10% MP)


Message History

You are too injured to fight recklessly!
You are too injured to fight recklessly!
You are too injured to fight recklessly!
You are too injured to fight recklessly!
You are too injured to fight recklessly!
You are too injured to fight recklessly!
You are too injured to fight recklessly!
You are too injured to fight recklessly!
You are too injured to fight recklessly!
You are too injured to fight recklessly!
You are too injured to fight recklessly!
You are too injured to fight recklessly!
You are too injured to fight recklessly!
Jessica hits you but does no damage.
Your chain mail prevents you from hitting Jessica.
Jessica closely misses you.
You barely miss Jessica. Jessica casts a spell at you.
Pain shoots through your body!
You die...

#......+.............
#......#.#####.###.#.
##'#####.#####.# #.#. #.#
#....##.###.#. #.#
#.##.##.#...#.
#######.########....#.###.
#...................+.....
#.#####..########..[#.####
#....@@.........#....#
#.#........#....#.....
............####.#.รท...
###?.>..................
###.##.###......#..... #.#
.. #.######.###. #.# ####
#.# ## #. #.# #..


You could see Jessica.

Vanquished Creatures
  An adder (D:2)
  A gnoll (D:1)
  A worm (D:2)
  2 dart slugs (D:2)
  A giant cockroach (D:1)
  4 goblins
  4 hobgoblins
  6 kobolds
  7 bats
  4 frilled lizards
  3 rats
34 creatures vanquished.

Notes
Turn   | Place    | Note
-------+----------+-------------------------------------------
     0 | D:1      | polly the Demigod Gladiator began the quest for the Orb.
     0 | D:1      | Reached XP level 1. HP: 17/17 MP: 3/3
   266 | D:1      | Reached XP level 2. HP: 16/24 MP: 4/4
   567 | D:1      | Found a basalt altar of Yredelemnul.
   569 | D:1      | Found an opulent altar of Gozag.
   569 | D:1      | Found a basalt altar of Yredelemnul.
   571 | D:1      | Found a sparkling altar of Nemelex Xobeh.
   571 | D:1      | Found a shimmering altar of Xom.
   571 | D:1      | Found a white marble altar of Elyvilon.
   933 | D:2      | Reached XP level 3. HP: 23/29 MP: 5/5
  1301 | D:2      | Noticed Jessica
  1310 | D:2      | Killed from afar by Jessica

Vault maps used:
D:1:      nicolae_arrival_washed_ashore, hangedman_decor_lopped,
          doesnt_xom_only_xom
D:2:      uniq_jessica

Skill      XL: |  1  2 |
---------------+-------+-----
Long Blades    | 3 |  3.4
Fighting       | 2 |  2.0
Dodging        | 3 |  3.1
Throwing       | |  1.9
Armour         | |  0.6
Stealth        | |  0.2

Action                   || total
-------------------------++-------
Melee: Long sword        ||   105
Throw: Throwing net      ||     1
  Use: Scroll            ||     1
 Stab: Sleeping          ||     1
  Eat: Chunk             ||     1
Armor: Leather armour    ||    34
       Chain mail        ||     6
Dodge: Dodged            ||    93
       Rpst.: Long sword ||    31
